 Dungeon Crawl Stone Soup version 0.25.0-11-g1f837a76a1 (webtiles) character file.

Game seed: 2047412657139576594

106 protoss039 the Magician (level 4, -1/24 HPs)
             Began as a Deep Elf Earth Elementalist on June 28, 2020.
             Slain by a gnoll (6 damage)
             ... on level 2 of the Dungeon.
             The game lasted 00:03:27 (1816 turns).

protoss039 the Magician (DEEE)                      Turns: 1816, Time: 00:03:28

Health: -1/24      AC:  5    Str:  5    XL:     4   Next: 55%
Magic:  7/12       EV: 13    Int: 21    God:
Gold:   83         SH:  0    Dex: 15    Spells: 6/12 levels left

rFire    . . .     SeeInvis .   g - +0 dagger (venom)
rCold    . . .     Gourm    .   (no shield)
rNeg     . . .     Faith    .   c - +0 robe
rPois    .         Spirit   .   (no helmet)
rElec    .         Reflect  .   (no cloak)
rCorr    .         Harm     .   (no gloves)
MR       .....                  f - +2 pair of boots
Stlth    ++........             (no amulet)
HPRegen  0.08/turn              (no ring)
MPRegen  0.13/turn              (no ring)

@: no status effects
A: no striking features
a: no special abilities


You were on level 2 of the Dungeon.
You were not hungry.

You visited 1 branch of the dungeon, and saw 2 of its levels.

You collected 83 gold pieces.

Inventory:

Hand Weapons
 g - a +0 dagger of venom (weapon)
Missiles
 l - 35 stones (quivered)
Armour
 c - a +0 robe (worn)
 f - a +2 pair of boots (worn)
Jewellery
 j - an uncursed ring of magical power {unknown}
Scrolls
 b - a scroll of teleportation {unknown}
 e - a scroll of fog {unknown}
 h - a scroll of blinking {unknown}
 i - a scroll of remove curse {unknown}
 k - a scroll of identify {unknown}
Comestibles
 a - 5 chunks of flesh
 d - 5 rations


   Skills:
 - Level 2.4 Dodging
 - Level 2.4 Stealth
 + Level 4.9 Spellcasting
 + Level 1.1 Transmutations
 + Level 4.9 Earth Magic


You had 6 spell levels left.
You knew the following spells:

 Your Spells              Type           Power        Failure   Level  Hunger
a - Sandblast             Erth           ####..       1%          1    None
b - Passwall              Tmut/Erth      ###.....     4%          2    None
c - Stone Arrow           Conj/Erth      ###...       12%         3    ##.....

Your spell library contained the following spells:

 Spells                   Type           Power        Failure   Level  Hunger
 Petrify                  Tmut/Erth      ###.....     30%         4    ####...
 Lee's Rapid Deconstruct  Erth           ####......   38%         5    #####..


Dungeon Overview and Level Annotations

Branches:
Dungeon (2/15)

Altars:


Message History

Some of the chunks of flesh in your inventory have rotted away.
Casting: Sandblast (safe; 1% risk of failure)
Confirm with . or Enter, or press ? or * to list all spells.
Aiming: Sandblast (safe; 1% risk of failure)
Press: ? - help, Shift-Dir - straight line, f - gnoll
Aim: a gnoll The blast of sand hits the gnoll!
The gnoll is heavily wounded.
l - 36 stones The gnoll hits you but does no damage.
Casting: Sandblast (safe; 1% risk of failure)
Confirm with . or Enter, or press ? or * to list all spells.
Aiming: Sandblast (safe; 1% risk of failure)
Press: ? - help, Shift-Dir - straight line, f/p - gnoll
Aim: a gnoll (heavily wounded)
The blast of sand hits the gnoll.
The gnoll is almost dead.
l - 35 stones The gnoll hits you.
You die...

.)).#
##..##############
##...............#
##...###########.#
# ##...# #.# .###
##.#.#######
#.####....
#.###...>..#
#.#.......
#..#.#####.#
#.#....... .
#.#..# #@#.......
#.. #.##.#
#.#####g#......#
#.#.. #.##.#
#........g.....#
#.#.)# #.##.#
#######†########
..... ..##.. ....#
#... #.#### #.###
#... ##.# #.#
##..8 #..###.# #.#
#..8. .......#
#.###### #...8


You could see a gnoll.

Vanquished Creatures
  2 adders (D:2)
  3 gnolls (D:2)
  An ooze (D:1)
  3 leopard geckos
  5 bats
  2 giant cockroaches
  6 hobgoblins
  3 jackals (D:2)
  3 frilled lizards (D:1)
  7 goblins
  10 kobolds
  5 rats
50 creatures vanquished.

Notes
Turn   | Place    | Note
-------+----------+-------------------------------------------
     0 | D:1      | protoss039 the Deep Elf Earth Elementalist began the quest
                  | for the Orb.
     0 | D:1      | Reached XP level 1. HP: 10/10 MP: 6/6
    60 | D:1      | Reached XP level 2. HP: 10/15 MP: 4/8
   766 | D:1      | Reached XP level 3. HP: 19/19 MP: 10/10
  1110 | D:2      | Found a faded altar of an unknown god.
  1128 | D:2      | Learned a level 2 spell: Passwall
  1132 | D:2      | Learned a level 3 spell: Stone Arrow
  1796 | D:2      | Reached XP level 4. HP: 21/24 MP: 10/12
  1816 | D:2      | Slain by a gnoll

Illustrated notes

Levels and vault maps discovered:
D:1:      evilmike_arrival_fibonacci_small, layout_basic
D:2:      layout_loops_ring, chequers_ecumenical_altar_simple_redux,
          first_ration

Skill      XL: |  1  2  3 |
---------------+----------+-----
Earth Magic    | 4 |  4.9
Spellcasting   | 4 |  4.9
Dodging        | |  2.4
Stealth        | |  2.4
Transmutations | |  1.1

Action                   |  1- 3 |  4- 6 || total
-------------------------+-------+-------++-------
Melee: Unarmed           |     3 |       ||     3
       Dagger            |    80 |    12 ||    92
       Short sword       |     3 |       ||     3
 Cast: Sandblast         |    30 |     5 ||    35
 Stab: Sleeping          |     5 |       ||     5
  Eat: Chunk             |     3 |       ||     3
Armor: Robe              |    23 |     3 ||    26
Dodge: Dodged            |    68 |     3 ||    71
